 Dungeon Crawl Stone Soup version 0.27.0-1-g7a089689b8 (webtiles) character file.

Game seed: 3970859374264445778

62 SnakkuSnakku7 the Skirmisher (level 3, -24/29 HPs)
             Began as a Vampire Hedge Wizard on Aug 13, 2021.
             Annihilated by an ogre (25 damage)
             ... on level 4 of the Dungeon.
             The game lasted 00:03:01 (1330 turns).

SnakkuSnakku7 the Skirmisher (Vampire Hedge Wizard) Turns: 1330, Time: 00:03:03

Health: -24/29     AC:  3    Str: 10    XL:     3   Next: 85%
Magic:  7/7        EV: 12    Int: 16    God:
Gold:   28         SH:  0    Dex: 19    Spells: 7/8 levels left

rFire    + . .     SeeInvis +   j - +0 short sword
rCold    + . .     Faith    .   (no shield)
rNeg     . . .     Spirit   .   b - +0 robe
rPois    +         Reflect  .   c - +0 hat
rElec    +         Harm     .   f - +0 cloak
rCorr    +         Rampage  .   (no gloves)
Will     .....                  (no boots)
Stlth    +++.......             (no amulet)
HPRegen  0.29/turn              e - +6 ring of dexterity
MPRegen  0.10/turn              (no ring)

@: resistant, healing quickly
A: alive, fangs 3, see invisible, vampiric 2
a: Exsanguinate


You were on level 4 of the Dungeon.
You visited 1 branch of the dungeon, and saw 3 of its levels.

You collected 28 gold pieces.

Inventory:

Hand Weapons
 a - a +0 dagger
 j - a +0 short sword (weapon)
Armour
 b - a +0 robe (worn)
 c - a +0 hat (worn)
 f - a +0 cloak (worn)
Jewellery
 e - a +6 ring of dexterity (left hand)
Scrolls
 g - a scroll of fear {unknown}
 h - a scroll of noise {unknown}
 i - a scroll of vulnerability {unknown}
 l - a scroll of teleportation {unknown}
Potions
 m - a potion of curing {unknown}


   Skills:
 + Level 3.2 Fighting
 - Level 2.1 Dodging
 - Level 3.0 Stealth
 - Level 3.0 Spellcasting
 - Level 0.6 Conjurations
 - Level 1.0 Summonings
 - Level 0.7 Translocations


You had 7 spell levels left.
You knew the following spells:

 Your Spells              Type           Power      Damage    Failure   Level
a - Magic Dart            Conj           16%        1d3       14%         1

Your spell library contained the following spells:

 Spells                   Type           Power      Damage    Failure   Level
 Call Imp                 Summ           5%         N/A       19%         2
 Blink                    Tloc           N/A        N/A       22%         2
 Slow                     Hex            2%         N/A       28%         2
 Conjure Flame            Conj/Fire      3%         6-21      45%         3
 Mephitic Cloud           Conj/Pois/Air  3%         N/A       45%         3
 Confusing Touch          Hex            2%         N/A       50%         3
 Vampiric Draining        Necr           1%         2d6       50%         3


Dungeon Overview and Level Annotations

Branches:
Dungeon (2/15)             Temple (0/1) D:4

Altars:
Elyvilon

Annotations:
D:2 exclusion: adder


Innate Abilities, Weirdness & Mutations

Your natural rate of healing is accelerated.
You have razor-sharp teeth.
You have supernaturally acute eyesight. (SInv)
You are afflicted with vampirism and can become a bat while bloodless.


Message History

The kobold hits you with a +0 club. The kobold hits you with a +0 club.
Found a shortbow and 7 arrows.
A ball python comes into view.
Found an escape hatch in the floor.
Found 6 gold pieces.
There is a stone staircase leading down here.
An orc wizard comes into view. It is wielding a +0 dagger.
An orc comes into view. It is wielding a +0 mace.
The orc shouts!
The orc wizard shouts!
Found a scroll labelled BOTTEAG NURUUJ.
The kobold hits you with a +0 club.
You see here 6 gold pieces.
The ball python bites you. The ball python closely misses you.
The ball python bites you but does no damage.
The ball python grabs you. The ball python constricts you.
You escape the ball python's grasp.
The orc wizard mumbles some strange words.
The orc wizard flickers and vanishes for a moment.
You hit the kobold but do no damage. The kobold completely misses you.
The ogre hits you with a +0 giant club!
You hit the kobold but do no damage. The kobold hits you with a +0 club.
The ogre closely misses you.
This is a scroll of acquirement!
Something appears at your feet! The kobold barely misses you.
The ogre hits you with a +0 giant club!
Ouch! That really hurt!
* * * LOW HITPOINT WARNING * * *
Okay, then.
It was a potion of resistance.
You feel protected. The kobold closely misses you.
Okay, then.
As you read the scroll labelled SAIWIUROOL, it crumbles to dust.
You feel aware of your surroundings.
It was a scroll of magic mapping.
The kobold hits you with a +0 club.
* * * LOW HITPOINT WARNING * * *
The ogre hits you with a +0 giant club!!
Ouch! That really hurt!
You die...

,#.#.###.(.........#
,#...###...........######
,###....................#
,#................$####.# ***
,#+#+##.#....#.....# *,* *,,
...........#.....#o# *,* ****,*
......###...#..#o#.# *,* *,,,,*
......,,.....#.#O#S# *,* *,,,,,
.....,,,.....#.#@#.## *,* *,,,,*
.....,**,.#....#?K..# *,* *,,,,*
....,,,,,,*##########**,*********
....,**,,,,,,,,,,,*,,,,,,,,,,* *
,*,,,,,,,********,*,,,,,,,<,,* *
,***,*,,,,,,,,,**+*,,,,,,,,,,* *
,***,*,,,,*,***,,,,,********** *
,*,,,,,*,,,,*,,,,,,,,,,**********
,*****,**,***,,,,,,,**,*,,,,,,,,,


You could see an ogre, an orc wizard (invisible) and a kobold.

Vanquished Creatures
  2 adders (D:2)
  A worm (D:2)
  A dart slug (D:2)
  4 ball pythons
  5 endoplasms
  A giant cockroach (D:2)
  5 goblins
  A hobgoblin (D:2)
  6 jackals (D:1)
  A quokka (D:2)
  3 bats
  2 frilled lizards
  2 kobolds
  3 rats
37 creatures vanquished.

Notes
Turn   | Place    | Note
-------+----------+-------------------------------------------
     0 | D:1      | SnakkuSnakku7 the Vampire Hedge Wizard began the quest for
                  | the Orb.
     0 | D:1      | Reached XP level 1. HP: 13/13 MP: 4/4
    78 | D:1      | Reached skill level 1 in Fighting
   203 | D:1      | Reached XP level 2. HP: 21/21 MP: 6/6
   622 | D:2      | Gained mutation: You are afflicted with vampirism and can
                  | become a bat while bloodless. [Vampire growth]
   622 | D:2      | Reached XP level 3. HP: 23/28 MP: 7/7
  1302 | D:2      | You fall into a shaft and drop 2 floors!
  1304 | D:4      | Noticed an ogre
  1328 | D:4      | Identified a scroll of acquirement
  1328 | D:4      | Acquired 384 gold pieces
  1330 | D:4      | HP: 1/29 [kobold (2)]
  1330 | D:4      | Annihilated by an ogre

Illustrated notes

Levels and vault maps discovered:
D:1:      lightli_arrival_windingriver, layout_rooms
D:2:      kennysheep_big_flooded_room, layout_basic, basic_altar
D:4:      layout_basic, minmay_temple_entry_statues_fountains

Skill      XL: |  1  2  3 |
---------------+----------+-----
Fighting       | 1 2 3 |  3.2
Dodging        | |  2.1
Stealth        | |  3.0
Spellcasting   | |  3.0
Conjurations   | |  0.6
Summonings     | |  1.0
Translocations | |  0.7

Action                   || total
-------------------------++-------
Melee: Dagger            ||   133
       Bite              ||    21
       Short sword       ||    50
  Use: Scroll            ||     2
       Potion            ||     1
 Stab: Sleeping          ||     5
Armor: Robe              ||    39
Dodge: Dodged            ||   107
